 Dungeon Crawl Stone Soup version 0.25.0-9-g26727b657a (webtiles) character file.

Game seed: 11673149804451308039

2625 Delamore the Basher (level 9, -1/51 HPs)
             Began as a Gargoyle Fighter on June 17, 2020.
             Was a Believer of Okawaru.
             Slain by an orc knight
             ... wielding a +0 halberd
              (17 damage)
             ... in a bailey.
             The game lasted 00:07:21 (5557 turns).

Delamore the Basher (Gargoyle Fighter)              Turns: 5557, Time: 00:07:21

Health: -1/51      AC: 19    Str: 23    XL:     9   Next: 60%
Magic:  0/9        EV:  4    Int:  9    God:    Okawaru [**....]
Gold:   344        SH: 10    Dex: 15    Spells: 8/8 levels left

rFire    . . .     SeeInvis .   a - +0 flail
rCold    . . .     Gourm    .   c - +0 kite shield
rNeg     + . .     Faith    .   G - +0 plate armour
rPois    ∞         Spirit   +   (no helmet)
rElec    +         Reflect  .   l - +0 cloak
rCorr    .         Harm     .   (no gloves)
MR       .....                  (no boots)
Stlth    ..........             x - amulet of guardian spirit
HPRegen  0.17/turn              g - ring of stealth
MPRegen  0.11/turn              e - +6 ring of dexterity

@: very slightly contaminated
A: negative energy resistance 1, electricity resistance, unbreathing,
petrification resistance, rot immunity, AC +6
a: Heroism, Renounce Religion


You were in a bailey.
You worshipped Okawaru.
Okawaru was pleased with you.
You were not hungry.

You visited 2 branches of the dungeon, and saw 8 of its levels.
You also visited: Bailey.

You collected 344 gold pieces.

Inventory:

Hand Weapons
 a - a +0 flail (weapon)
Armour
 b - a +0 scale mail
 c - a +0 kite shield (worn)
 l - a +0 cloak (worn)
 r - a +0 troll leather armour {Purgy}
 G - a +0 plate armour (worn)
Jewellery
 e - a +6 ring of dexterity (right hand)
 g - a ring of stealth (left hand)
 s - a +6 ring of intelligence
 x - an amulet of guardian spirit (around neck)
 y - an uncursed ring of stealth
Wands
 q - a wand of flame (3)
Scrolls
 h - a scroll of teleportation
 j - 4 scrolls of identify
 k - 3 scrolls of remove curse
 m - 2 scrolls of magic mapping
 o - a scroll of random uselessness
 p - 2 scrolls of fear
 E - a scroll of noise
Potions
 d - 2 potions of might
 i - a potion of brilliance {unknown}
 n - a potion of magic {unknown}
 t - 4 potions of curing {unknown}
 v - 2 potions of lignification {unknown}
 w - a potion of invisibility {unknown}
 z - a potion of mutation {unknown}
 A - a potion of heal wounds {unknown}
 B - a potion of ambrosia {unknown}
 C - 2 potions of flight {unknown}
Comestibles
 f - 5 rations
 F - 5 chunks of flesh


   Skills:
 - Level 3.2 Fighting
 + Level 12.5 Maces & Flails
 - Level 3.2 Armour
 - Level 3.2 Shields


You had 8 spell levels left.
You didn't know any spells.
Your spell library contained the following spells:

 Spells                   Type           Power        Failure   Level  Hunger
 Animate Skeleton         Necr           N/A          100%        1    ##.....
 Apportation              Tloc           #.....       100%        1    ##.....
 Corona                   Hex            #......      100%        1    ##.....
 Summon Small Mammal      Summ           #...         100%        1    ##.....


Dungeon Overview and Level Annotations

Branches:
Dungeon (7/15)             Temple (1/1) D:5          Bailey (1/1)

Altars:
Ashenzari
Cheibriados
Elyvilon
Fedhas
Gozag
Hepliaklqana
Kikubaaqudgha
Makhleb
Nemelex Xobeh
Okawaru
Qazlal
Ru
Sif Muna
Trog
Uskayaw
Vehumet
Wu Jian
Yredelemnul
The Shining One


Innate Abilities, Weirdness & Mutations

You are resistant to torment.
Your stone body is resilient. (AC +6)
You are immune to poison.
You resist negative energy. (rN+)
You are resistant to electric shocks. (rElec)
You can survive without breathing.
You are immune to petrification.
You are immune to rotting.


Message History

There is a large open door here.
The orc knight roars a battlecry!
The orc knights go into a battle-frenzy!
The orc knight is too close now for your liking.
There are monsters nearby!
The orc knight roars a battlecry!
The orc knight goes into a battle-frenzy!
There is an open door here.
The orc knight hits you from afar with a +0 halberd!!
The orc knight hits you but does no damage.
You block the orc knight's attack. The orc knight barely misses you.
You block the orc knight's attack. You block the orc knight's attack.
The orc knight hits you from afar with a +0 halberd!
You block the orc knight's attack.
The orc knight hits you but does no damage.
The orc knight hits you from afar with a +0 glaive!
You open the door.
The orc knight hits you from afar with a +0 halberd!!
You die...

≈.#########'###+#############.≈.#
≈.##.....##.....§...#+ ##.≈.#
≈..##...##..≈§§§§§§§.## ##..≈.#
≈≈..##.##..≈≈.§§..≈≈..## ##..≈≈.#
.≈≈..#'#..≈≈..⌠∩⌠..≈≈..# #..≈≈.##
.≈≈..#'#..≈≈..o⌠...§≈..# #..≈≈.∩#
≈≈..##.#'..≈≈ooo..≈≈..# ##..≈≈.#
≈..##...##..≈≈≈≈§≈≈..# ##..≈.#
≈.##.....##.....@...# $$.##.≈.#
≈.#############'##### #####.≈.#
≈.......)..##... #####..≈.#
≈≈≈≈≈≈≈≈≈≈..##[} #######≈≈≈≈≈≈≈.#
.........≈≈).##.##)..##.........#
########..≈≈.)###..≈..##.########
##..≈≈..).)≈≈...##...####
##..≈≈≈≈≈≈≈..#######..∩##
##.........## ####∩#


You could see 4 orc knights.

Vanquished Creatures
  A hungry ghost (D:6)
  Purgy (D:3)
  3 orc warriors
  An ice beast (D:5)
  A sky beast (D:6)
  3 ogres
  2 phantoms
  A centaur (D:5)
  A big kobold (D:7)
  5 bullfrogs
  6 scorpions
  3 howler monkeys
  A centaur zombie (D:5)
  A jelly (D:5)
  5 orc wizards
  Jessica (D:3)
  Ijyb (D:3)
  An iguana (D:4)
  6 worker ants
  A hound zombie (D:5)
  A hound skeleton (D:7)
  A mummy (D:5)
  A worker ant zombie (D:5)
  4 gnolls (D:5)
  A howler monkey zombie (D:5)
  5 adders
  An adder skeleton (D:5)
  2 worms
  4 leopard geckos
  10 orcs
  3 giant cockroaches
  10 goblins
  7 hobgoblins
  5 quokkas
  8 bats
  A frilled lizard (D:4)
  7 kobolds
  7 rats
123 creatures vanquished.

Notes
Turn   | Place    | Note
-------+----------+-------------------------------------------
     0 | D:1      | Delamore the Gargoyle Fighter began the quest for the Orb.
     0 | D:1      | Reached XP level 1. HP: 14/14 MP: 1/1
   221 | D:1      | Reached XP level 2. HP: 19/19 MP: 2/2
   316 | D:1      | Reached skill level 3 in Maces & Flails
   794 | D:1      | Reached XP level 3. HP: 23/23 MP: 3/3
  1260 | D:2      | Reached skill level 4 in Maces & Flails
  1318 | D:2      | Found a bloodstained altar of Trog.
  1712 | D:3      | Reached XP level 4. HP: 28/28 MP: 4/4
  1717 | D:3      | Noticed Jessica
  1729 | D:3      | Killed Jessica
  1821 | D:3      | Noticed Purgy
  1838 | D:3      | Killed Purgy
  1838 | D:3      | Reached skill level 5 in Maces & Flails
  1838 | D:3      | Reached XP level 5. HP: 8/32 MP: 5/5
  2195 | D:3      | Reached skill level 6 in Maces & Flails
  2195 | D:3      | Reached XP level 6. HP: 23/37 MP: 6/6
  2272 | D:3      | Noticed Ijyb
  2284 | D:3      | Killed Ijyb
  2504 | D:4      | Noticed a phantom
  2532 | D:4      | Killed a phantom
  2532 | D:4      | Reached skill level 7 in Maces & Flails
  2590 | D:4      | Reached XP level 7. HP: 31/41 MP: 7/7
  2885 | D:4      | Reached skill level 8 in Maces & Flails
  3172 | D:5      | Entered Level 5 of the Dungeon
  3388 | D:5      | Reached skill level 9 in Maces & Flails
  3388 | D:5      | Reached XP level 8. HP: 40/46 MP: 6/8
  3462 | D:5      | Found a staircase to the Ecumenical Temple.
  3476 | Temple   | Entered the Ecumenical Temple
  3607 | Temple   | Became a worshipper of Warmaster Okawaru
  3885 | D:5      | Reached skill level 10 in Maces & Flails
  4131 | D:5      | Found a snail-covered altar of Cheibriados.
  4277 | D:5      | Found a shimmering blue altar of Sif Muna.
  4563 | D:6      | Reached * piety under Okawaru
  4639 | D:6      | Reached skill level 11 in Maces & Flails
  4656 | D:6      | Reached XP level 9. HP: 51/51 MP: 9/9
  4972 | D:7      | Found a flagged portal.
  4982 | D:7      | Got a steaming halberd
  4989 | D:7      | Identified the cursed +0 halberd of the Hummingbird
                  | {vorpal, +Blink rN+ Dex+3} (You found it on level 7 of the
                  | Dungeon)
  5071 | D:7      | Reached ** piety under Okawaru
  5077 | D:7      | Reached skill level 12 in Maces & Flails
  5131 | Bailey   | Entered a bailey
  5478 | Bailey   | Noticed an orc knight
  5478 | Bailey   | Noticed an orc knight
  5478 | Bailey   | Noticed an orc knight
  5478 | Bailey   | Noticed an orc knight
  5557 | Bailey   | Slain by an orc knight

Illustrated notes

Levels and vault maps discovered:
D:1:      dpeg_arrival_renting, layout_basic, chequers_hall_statues_wall_a
D:2:      minmay_wonky_spiral, layout_loops_ring, lightli_temple_of_fire
D:3:      layout_rooms, uniq_ijyb, uniq_purgy, uniq_jessica
D:4:      layout_basic
D:5:      layout_loops_corners, slow_altar_2, lemuel_blue_sif_altar,
          minmay_temple_entry_sparse_star, first_ration, kennysheep_minor_cross
D:6:      layout_rooms
D:7:      layout_loops_corners, enter_bailey_2
Temple:   regret_index_temple_sphere_string
Bailey:   bailey_polearm_1, bailey

Skill      XL: |  1  2  3  4  5  6  7  8  9 |
---------------+----------------------------+-----
Maces & Flails | 3 4 5 6 7 9 11 12 | 12.5
Fighting       | |  3.2
Armour         | |  3.2
Shields        | |  3.2

Action                   |  1- 3 |  4- 6 |  7- 9 || total
-------------------------+-------+-------+-------++-------
Melee: Flail             |   158 |   109 |   367 ||   634
Invok: Heroism           |       |       |     1 ||     1
Evoke: Wand              |       |       |    32 ||    32
  Use: Scroll            |       |       |     8 ||     8
 Stab: Sleeping          |       |     1 |     5 ||     6
       Distracted        |       |       |     2 ||     2
  Eat: Chunk             |     3 |     3 |     6 ||    12
       Ration            |       |       |     2 ||     2
Armor: Scale mail        |    92 |    41 |       ||   133
       Troll leather arm |       |    19 |   142 ||   161
       Plate armour      |       |       |     1 ||     1
Dodge: Dodged            |    53 |    35 |   138 ||   226
Block: Kite shield       |    85 |    55 |   128 ||   268
